 Dungeon Crawl Stone Soup version 0.29.1-1-gd02db6906a (webtiles) character file.

Game seed: 2469392925643263184

17995 Hadkhar the Grappler (level 12, -2/106 HPs)
             Began as a Green Draconian Transmuter on Oct 12, 2022.
             Was a High Priest of Makhleb.
             Killed from afar by a starcursed mass (14 damage)
             ... with an accursed screaming
             ... on level 2 of the Abyss on Oct 13, 2022.
             The game lasted 01:42:08 (18210 turns).

Hadkhar the Grappler (Green Draconian Transmuter)  Turns: 18210, Time: 01:42:08

Health: -2/106     AC:  2    Str: 14    XL:     12   Next: 23%
Magic:  0/16       EV: 25    Int: 16    God:    Makhleb [*****.]
Gold:   141        SH:  0    Dex: 28    Spells: 13/17 levels left

rFire   . . .      SeeInvis +     - Unarmed
rCold   + . .      Faith    .   (shield currently unavailable)
rNeg    . . .      Spirit   +   (body armour unavailable)
rPois   x          Reflect  .   (helmet currently unavailable)
rElec   .          Harm     .   (cloak currently unavailable)
rCorr   .          Rampage  .   (gloves currently unavailable)
Will    .....                   (boots currently unavailable)
Stlth   +++++.....              w - amulet "Xupn" {Spirit Dex+4 SInv}
HPRegen 0.27/turn               L - ring of the Albatross {rC+ EV+4 Slay+2}
MPRegen 0.15/turn               K - +6 ring of dexterity

@: about to teleport, spider-form
A: venomous fangs, (breathe noxious fumes), AC +8, tiny, unfitting armour,
(poison resistance), (cold-blooded)
a: End Transformation, Renounce Religion, Minor Destruction, Lesser Servant of
Makhleb, Major Destruction, Greater Servant of Makhleb


You were on level 2 of the Abyss.
You worshipped Makhleb.
Makhleb was extremely pleased with you.
You were a venomous arachnid creature.
You visited 2 branches of the dungeon, and saw 12 of its levels.
You visited the Abyss 1 time.
You also visited: Ossuary.

You collected 757 gold pieces.
You spent 616 gold pieces at shops.

Inventory:

Hand Weapons
 o - a +0 longbow
Missiles
 j - 3 throwing nets
 m - 6 javelins
 u - 20 poisoned darts
Armour
 g - a +1 pair of boots (melded)
 i - an orb of energy
 k - a +0 pair of gloves (melded)
 H - a +0 cloak (melded)
 O - a +0 hat of willpower (melded)
Jewellery
 a - an amulet of faith
 r - a ring of flight
 w - the amulet "Xupn" (around neck) {Spirit Dex+4 SInv}
   (You took it off Edmund on level 4 of the Dungeon)

   [amulet of guardian spirit]

   It causes incoming damage to be divided between your reserves of health and
   magic.
   Dex:       It affects your dexterity (+4).
   SInv:      It lets you see invisible.
 F - a ring of magical power
 K - a +6 ring of dexterity (right front leg)
 L - the ring of the Albatross (left front leg) {rC+ EV+4 Slay+2}
   (You found it on level 10 of the Dungeon)

   [ring of evasion]

   EV:        It affects your evasion (+4).
   Slay:      It affects your accuracy & damage with ranged weapons and melee
   (+2).
   rC:        It protects you from cold.
 N - a ring of wizardry
 P - a ring of willpower
Wands
 e - a wand of flame (13)
 f - a wand of iceblast (21)
 z - a wand of acid (18)
 B - a wand of polymorph (7)
 D - a wand of digging (7)
 M - a wand of charming (6)
Scrolls
 b - a scroll of identify
 d - 4 scrolls of teleportation
 l - a scroll of enchant weapon
 p - 2 scrolls of poison {unknown}
 t - 2 scrolls of amnesia {unknown}
 y - 2 scrolls of enchant armour {unknown}
 C - 2 scrolls of silence {unknown}
 G - 2 scrolls of fear {unknown}
 I - 2 scrolls of magic mapping {unknown}
 J - 2 scrolls of blinking {unknown}
Potions
 c - 2 potions of ambrosia
 h - 4 potions of curing
 n - 3 potions of magic
 q - 3 potions of haste
 s - 2 potions of flight
 v - a potion of cancellation
 x - 2 potions of brilliance
 A - a potion of degeneration {unknown}
 E - a potion of resistance
 Q - a potion of berserk rage {unknown}
 R - a potion of attraction {unknown}


   Skills:
 + Level 10.1 Fighting
 - Level 2.5 Dodging
 + Level 8.7 Stealth
 * Level 13.0 Unarmed Combat
 - Level 3.1 Spellcasting
 + Level 9.4 Transmutations


You had 13 spell levels left.
You knew the following spells:

 Your Spells              Type           Power      Damage    Failure   Level
a - Beastly Appendage     Tmut           64%        N/A       3%          1
b - Spider Form           Tmut/Pois      17%        N/A       22%         3

Your spell library contained the following spells:

 Spells                   Type           Power      Damage    Failure   Level
 Wereblood                Tmut           32%        N/A       3%          2
 Apportation              Tloc           4%         N/A       38%         1
 Foxfire                  Conj/Fire      8%         2x1d4     38%         1
 Freeze                   Ice            8%         1d3       38%         1
 Necrotise                Necr           8%         1d4       38%         1
 Shock                    Conj/Air       8%         1d3       38%         1
 Summon Small Mammal      Summ           8%         N/A       38%         1
 Ice Form                 Ice/Tmut       17%        N/A       47%         4
 Petrify                  Tmut/Erth      17%        N/A       47%         4
 Blink                    Tloc           4%         N/A       50%         2
 Sublimation of Blood     Necr           2%         N/A       50%         2
 Conjure Flame            Conj/Fire      2%         6-21      71%         3
 Frozen Ramparts          Ice            4%         1d1       71%         3
 Inner Flame              Hex/Fire       2%         N/A       71%         3
 Lesser Beckoning         Tloc           2%         N/A       71%         3
 Swiftness                Air            2%         N/A       71%         3
 Irradiate                Conj/Tmut      8%         3d14      78%         5
 Airstrike                Air            1%         2d(1-17)  96%         4
 Flame Wave               Conj/Fire      2%         2d4       96%         4
 Hailstorm                Conj/Ice       2%         3d3       96%         4
 Manifold Assault         Tloc           2%         N/A       100%        5
 Summon Hydra             Summ           1%         N/A       100%        7


Dungeon Overview and Level Annotations

Branches:
Dungeon (11/15)            Temple (0/1) D:6            Lair (1/5) D:9
    Orc (0/2) D:11        Ossuary (visited)

Altars:
Dithmenos
Makhleb
Ru
Vehumet
Xom

Shops:
D:7 (   D:9 *   D:10 *

Annotations:
D:7 brob1's ghost, novice MiBe
D:8 2 transporters, 1 runed translucent door, SnailSD's ghost, novice MiBe


Innate Abilities, Weirdness & Mutations

You are a venomous arachnid creature.
You have poisonous fangs.
You are tiny and dextrous.
Your spellcasting is less reliable in this form.
Your armour is entirely melded.
You are incapable of wielding weapons or throwing items.
((You can breathe blasts of noxious fumes.))
((Your lurid green scales are hard. (AC +8)))
You cannot fit into any form of body armour.
((Your system is resistant to poisons. (rPois)))
((You are cold-blooded and may be slowed by cold attacks.))


Message History

The starcursed mass is severely damaged.
The starcursed mass shudders and is absorbed by its neighbour.
The harpy skeleton barely misses you.
The harpy skeleton completely misses you.
The harpy skeleton claws you.
* * * LOW HITPOINT WARNING * * *
The harpy skeleton closely misses you.
You bump into the rock wall.
The harpy skeleton completely misses you.
The harpy skeleton closely misses you. The golden eye blinks at you.
You are more confused.
The harpy skeleton completely misses you. x2
A deafening chorus of shrieks assaults your mind!
* * * LOW HITPOINT WARNING * * *
You suddenly lose the ability to move!
The golden eye blinks at you.
You are more confused.
The harpy skeleton claws you!
* * * LOW HITPOINT WARNING * * *
The harpy skeleton barely misses you.
You can move again.
You feel better.
You feel less invigorated.
The harpy skeleton completely misses you. x3
The harpy skeleton closely misses you.
As you read the scroll of teleportation, it crumbles to dust.
You feel strangely unstable.
You feel the power of the Abyss delaying your translocation!
The harpy skeleton closely misses you.
The harpy skeleton barely misses you. x2
The harpy skeleton misses you.
A deafening chorus of shrieks assaults your mind!
* * * LOW HITPOINT WARNING * * *
The starcursed mass closely misses you.
You feel better. The harpy skeleton misses you. The harpy skeleton claws you.
* * * LOW HITPOINT WARNING * * *
The harpy skeleton completely misses you.
The harpy skeleton claws you.
* * * LOW HITPOINT WARNING * * *
A deafening chorus of shrieks assaults your mind!
You die...

. .. .. .
...... .. #..
...... ..
...# # ..# .
#.#...# . #
#G# #. ## #Z#
.#.# . #s#
#.⌠. #.#X##
#.#. .#XX# #.
.#..'.#X####
# ... '.XX##
# .. ....'
X.#
...#.#.#....#
.#. ....#.#
...+ # #....
.. . #


You could see 7 starcursed masses, a golden eye and a harpy skeleton.

Vanquished Creatures
  Gastronok (D:10)
  Erolcha (D:9)
  2 two-headed ogres
  A spatial maelstrom (Abyss:2)
  An ugly thing (D:11)
  A cyclops (D:11)
  A worldbinder (Abyss:2)
  Maurice (D:10)
  An orange demon (Abyss:2)
  An unseen horror (D:10)
  3 kobold demonologists (D:11)
  Psyche (D:10)
  2 komodo dragons (D:11)
  A komodo dragon (shapeshifter) (D:11)
  A troll (D:11)
  3 hornets
  Grinder (D:4)
  2 wyverns
  A wraith (D:10)
  17 yaks
  2 basilisks (D:9)
  3 steam dragons
  Edmund (D:4)
  4 small abominations (Abyss:2)
  4 water moccasins
  An acid dragon (D:10)
  2 black bears
  2 ice beasts
  3 orc warriors
  2 ogres
  9 centaurs
  A phantom (D:6)
  2 kobold brigands (D:8)
  A bullfrog (D:7)
  4 gnoll sergeants
  An elf zombie (Ossuary)
  4 scorpions
  15 wights
  11 killer bees
  A howler monkey (D:9)
  4 centaur zombies (Ossuary)
  6 hounds
  3 jellies
  3 quasits
  A starcursed mass (Abyss:2)
  2 human zombies (Ossuary)
  3 orc priests
  3 iron imps (D:3)
  10 orc wizards
  Terence (D:3)
  A gnoll bouda (D:9)
  Natasha (thrice) (D:4)
  3 iguanas
  2 mummies (Ossuary)
  14 adders
  23 gnolls
  A shadow imp (D:6)
  2 white imps
  3 ufetubi
  An adder zombie (Ossuary)
  5 worms
  38 orcs
  5 bats
  7 endoplasms
  4 giant cockroaches
  8 goblins
  9 hobgoblins
  4 quokkas
  6 ball pythons
  4 frilled lizards
  A goblin zombie (Ossuary)
  7 hobgoblin zombies (Ossuary)
  A jackal zombie (Ossuary)
  23 kobolds
  7 kobold zombies (Ossuary)
  12 orc zombies (Ossuary)
  12 rats
  A rat zombie (Ossuary)
359 creatures vanquished.

Vanquished Creatures (others)
  Menkaure (D:7)
  8 demonic plants (D:4)
  3 fungi (D:9)
  3 plants (D:9)
15 creatures vanquished.

Grand Total: 374 creatures vanquished

Notes
Turn   | Place    | Note
-------+----------+-------------------------------------------
     0 | D:1      | Hadkhar the Draconian Transmuter began the quest for the
                  | Orb.
     0 | D:1      | Reached XP level 1. HP: 16/16 MP: 3/3
   473 | D:1      | Reached XP level 2. HP: 20/23 MP: 5/5
  1260 | D:2      | Reached XP level 3. HP: 6/29 MP: 4/6
  2360 | D:2      | Reached XP level 4. HP: 34/36 MP: 7/7
  2464 | D:2      | Found a faded altar of an unknown god.
  3048 | D:3      | Reached XP level 5. HP: 34/42 MP: 9/9
  3163 | D:3      | Reached skill level 4 in Unarmed Combat
  3163 | D:3      | HP: 2/42 [poisoned by a scorpion]
  3779 | D:3      | Noticed Terence
  3789 | D:3      | Killed Terence
  4121 | D:3      | Found a burning altar of Makhleb.
  4137 | D:3      | Reached XP level 6. HP: 51/51 MP: 8/10
  4192 | D:3      | Became a worshipper of Makhleb the Destroyer
  4313 | D:4      | Reached skill level 1 in Stealth
  4387 | D:4      | Noticed Natasha
  4400 | D:4      | Killed Natasha
  4420 | D:3      | Reached skill level 5 in Unarmed Combat
  4846 | D:4      | Noticed Natasha
  4856 | D:4      | Killed Natasha
  4857 | D:4      | Your scales start taking on a lurid green colour.
  4857 | D:4      | Reached XP level 7. HP: 37/57 MP: 11/11
  4857 | D:4      | Gained mutation: Your system is resistant to poisons.
                  | (rPois) [Green Draconian growth]
  5233 | D:4      | Reached * piety under Makhleb
  5236 | D:4      | Noticed Grinder
  5243 | D:4      | Paralysed by Grinder for 3 turns
  5271 | D:5      | Entered Level 5 of the Dungeon
  5620 | D:5      | Reached skill level 6 in Unarmed Combat
  5649 | D:5      | Found a shadowy altar of Dithmenos.
  5655 | D:5      | Found a shimmering altar of Xom.
  5878 | D:5      | Found a sand-covered staircase.
  5890 | D:5      | Reached XP level 8. HP: 67/67 MP: 10/12
  5911 | Ossuary  | Entered an ossuary
  5981 | Ossuary  | Reached ** piety under Makhleb
  6528 | D:5      | Reached skill level 5 in Fighting
  6528 | D:5      | Reached skill level 5 in Transmutations
  6606 | D:5      | Reached skill level 7 in Unarmed Combat
  6716 | D:4      | Noticed Natasha
  6759 | D:4      | Killed Natasha
  6766 | D:4      | Identified the amulet "Xupn" {Spirit Dex+4 SInv}
  6766 | D:4      | Noticed Edmund
  6885 | D:4      | Killed Edmund
  7147 | D:4      | Killed Grinder
  7431 | D:4      | Reached XP level 9. HP: 71/75 MP: 11/13
  7588 | D:6      | Learned a level 3 spell: Spider Form
  7753 | D:6      | Reached *** piety under Makhleb
  7821 | D:6      | Reached skill level 8 in Unarmed Combat
  8140 | D:6      | Found a staircase to the Ecumenical Temple.
  8338 | D:6      | Found a radiant altar of Vehumet.
  8595 | D:7      | Reached skill level 5 in Stealth
  8870 | D:7      | Found a sacrificial altar of Ru.
  8953 | D:7      | Found a runed translucent gate.
  8953 | D:7      | Found a runed translucent gate.
  8953 | D:7      | Noticed brob1's ghost (novice MiBe)
  8953 | D:7      | Noticed a kobold demonologist
  8954 | D:7      | Found a runed translucent gate.
  9005 | D:7      | Noticed Menkaure
  9006 | D:7      | Found a shimmering altar of Xom.
  9019 | D:7      | Killed Menkaure
  9469 | D:7      | Found Luilio's Weapon Shop.
  9596 | D:8      | Reached skill level 9 in Unarmed Combat
  9607 | D:8      | Reached **** piety under Makhleb
 10705 | D:8      | Reached XP level 10. HP: 50/86 MP: 12/14
 11150 | D:8      | Found a transporter.
 11150 | D:8      | Found a transporter.
 11173 | D:8      | Found a transporter.
 11181 | D:8      | Found a transporter.
 11243 | D:8      | Found a runed translucent door.
 11334 | D:8      | Noticed SnailSD's ghost (novice MiBe)
 11587 | D:8      | Reached ***** piety under Makhleb
 12494 | D:9      | Reached skill level 10 in Unarmed Combat
 12855 | D:9      | Found a staircase to the Lair.
 13273 | D:9      | Paralysed by a hornet for 2 turns
 13291 | D:10     | Entered Level 10 of the Dungeon
 13291 | D:10     | Noticed Gastronok
 13963 | D:9      | Found Zozy's General Store.
 14038 | D:9      | Bought a +6 ring of dexterity for 504 gold pieces
 14192 | D:9      | Noticed Erolcha
 14195 | D:9      | Noticed a two-headed ogre
 14200 | D:9      | Killed Erolcha
 14201 | D:9      | Reached skill level 11 in Unarmed Combat
 14232 | D:9      | Killed a two-headed ogre
 14233 | D:9      | Reached XP level 11. HP: 44/95 MP: 3/15
 14584 | Lair:1   | Entered Level 1 of the Lair of Beasts
 14932 | D:10     | Identified the ring of the Albatross {rC+ EV+4 Slay+2}
 14990 | D:10     | Noticed Psyche
 14998 | D:10     | Killed Psyche
 15221 | D:10     | Found Meeb Bolie's Assorted Antiques.
 15229 | D:10     | Bought a fluorescent wand for 112 gold pieces
 15715 | D:10     | Noticed Maurice
 15725 | D:10     | Killed Maurice
 16135 | D:10     | Killed Gastronok
 16136 | D:10     | Reached skill level 12 in Unarmed Combat
 16745 | D:11     | Noticed a brown ugly thing
 16761 | D:11     | Killed a brown ugly thing
 16866 | D:11     | Noticed a two-headed ogre
 17067 | D:11     | Found a staircase to the Orcish Mines.
 17136 | D:11     | Noticed a sun demon
 17285 | D:11     | Killed a two-headed ogre
 17286 | D:11     | Reached XP level 12. HP: 106/106 MP: 12/16
 17901 | Abyss:2  | Cast into level 2 of the Abyss (kobold brigand)
 17952 | Abyss:2  | Reached skill level 10 in Fighting
 18129 | Abyss:2  | Reached skill level 13 in Unarmed Combat
 18175 | Abyss:2  | Noticed a starcursed mass
 18198 | Abyss:2  | Paralysed by accursed screaming for 1 turns
 18207 | Abyss:2  | Paralysed by accursed screaming for 1 turns
 18207 | Abyss:2  | HP: 3/106 [harpy skeleton (8)]
 18210 | Abyss:2  | Killed from afar by a starcursed mass

Illustrated notes

Levels and vault maps discovered:
D:1:      lemuel_arrival_broad_hall, layout_basic, kennysheep_boxes
D:2:      minmay_recursive_quarters, layout_basic, basic_ecumenical_altar,
          st_stairs_14, minmay_misc_feat_tiny
D:3:      minmay_razor_zed, layout_basic, demons_altar, uniq_terence
D:4:      layout_basic, serial_demonic, serial_demonic_b, serial_demonic_c,
          serial_demonic_g, serial_demonic_g, minmay_bent, uniq_grinder,
          uniq_edmund, uniq_natasha
D:5:      layout_basic, mainiacjoe_overflow_catwalk_spiral, serial_glass,
          glass_columns_c, glass_columns_a, nicolae_ossuary_entry_monument
D:6:      layout_loops_ring, amcnicky_altar_gilded, minmay_temple_entry_ruins
D:7:      layout_loops_ring, serial_shops, nicolae_shop_behind_doors,
          gammafunk_ghost_nasty_kobolds, hangedman_feature_mirror, uniq_menkaure
D:8:      layout_cave_pools, ebering_ghost_inner_flame, nicolae_diode_quadrants
D:9:      layout_roguey, david_lair_generic, serial_shops,
          nicolae_lakefront_shop, uniq_erolcha
D:10:     layout_basic, serial_shops, shop, uniq_psyche, uniq_gastronok,
          uniq_maurice
D:11:     layout_rooms, orc_0_dummy
Lair:1:   layout_cave_pods, hangedman_lair_generics_rect, uniq_nergalle
Abyss:2:  base: D:14, minivault_11

Skill      XL: |  1  2  3  4  5  6  7  8  9 10 11 12 |
---------------+-------------------------------------+-----
Dodging        | 2 |  2.5
Fighting       | 2 3 4 5 7 8 9 10 | 10.1
Unarmed Combat | 4 5 6 7 9 11 12 13 | 13.0
Spellcasting   | 3 |  3.1
Transmutations | 3 4 5 6 8 9 |  9.4
Stealth        | 1 2 4 5 7 8 |  8.7

Action                   |  1- 3 |  4- 6 |  7- 9 | 10-12 || total
-------------------------+-------+-------+-------+-------++-------
Melee: Unarmed           |    54 |   163 |   482 |   501 ||  1200
       Kick              |     5 |    34 |   101 |    23 ||   163
       Punch             |     2 |     4 |    13 |     2 ||    21
       Headbutt          |     3 |    33 |    57 |    14 ||   107
       Tailslap          |     2 |    16 |    54 |    17 ||    89
 Fire: Sling             |    48 |     4 |       |       ||    52
       Longbow           |       |    37 |    10 |       ||    47
 Cast: Beastly Appendage |     6 |    22 |    46 |    10 ||    84
       Spider Form       |       |       |    13 |    50 ||    63
 Abil: Breathe Noxious F |       |       |    16 |     3 ||    19
  Use: Potion            |     1 |     1 |     4 |     7 ||    13
       Scroll            |       |     4 |     3 |     6 ||    13
 Stab: Distracted        |       |     1 |       |     1 ||     2
       Confused          |       |       |     4 |     4 ||     8
       Sleeping          |       |       |     7 |     7 ||    14
       Invisible         |       |       |       |     3 ||     3
Armor: Skin              |    32 |    66 |   159 |    47 ||   304
Dodge: Dodged            |    50 |   101 |   398 |   508 ||  1057
